 Dungeon Crawl Stone Soup version 0.29-a0-1008-g949cc1d0fb (webtiles) character file.

Game seed: 9547998228035842595

734 2tc the Cleaver (level 7, -5/57 HPs)
             Began as a Hill Orc Monk on Aug 7, 2022.
             Was a Believer of Makhleb.
             Engulfed by a steam dragon's steam (6 damage)
             ... on level 6 of the Dungeon.
             The game lasted 00:14:11 (6709 turns).

2tc the Cleaver (Hill Orc Monk)                     Turns: 6709, Time: 00:14:11

Health: -5/57      AC: 11    Str: 16    XL:     7   Next: 74%
Magic:  7/7        EV: 12    Int: 10    God:    Makhleb [**....]
Gold:   208        SH:  0    Dex: 13    Spells: 6/6 levels left

rFire   . . .      SeeInvis .   o - +1 hand axe (vamp)
rCold   . . .      Faith    .   (no shield)
rNeg    . . .      Spirit   .   k - +3 leather armour
rPois   .          Reflect  .   l - +2 helmet
rElec   .          Harm     .   i - +0 cloak
rCorr   .          Rampage  .   (no gloves)
Will    .....                   h - +0 pair of boots
Stlth   ++........              (no amulet)
HPRegen 0.19/turn               j - ring of flight
MPRegen 0.10/turn               (no ring)

@: flying
A: no striking features
a: Renounce Religion, Minor Destruction


You were on level 6 of the Dungeon.
You worshipped Makhleb.
Makhleb was pleased with you.
You visited 2 branches of the dungeon, and saw 7 of its levels.

You collected 208 gold pieces.

Inventory:

Hand Weapons
 c - a +0 whip
 o - a +1 vampiric hand axe (weapon)
 p - a +4 war axe
Armour
 b - a scarf of resistance
 h - a +0 pair of boots (worn)
 i - a +0 cloak (worn)
 k - a +3 leather armour (worn)
 l - a +2 helmet (worn)
Jewellery
 j - a ring of flight (left hand)
 y - an amulet of faith
Wands
 s - a wand of polymorph (12)
Scrolls
 d - 4 scrolls of immolation
 m - a scroll of fog
 q - a scroll of magic mapping
 w - a scroll of teleportation
Potions
 e - 7 potions of curing
 f - 2 potions of attraction
 g - 2 potions of magic
 n - a potion of flight
 t - a potion of haste {unknown}
 u - a potion of lignification
 v - a potion of might
 x - a potion of degeneration {unknown}


   Skills:
 - Level 3.6 Fighting
 * Level 11.5 Axes
 - Level 2.4 Dodging
 - Level 1.5 Stealth


You had 6 spell levels left.
You didn't know any spells.
Your spell library contained the following spells:

 Spells                   Type           Power      Damage    Failure   Level
 Scorch                   Fire           0%         2d5       56%         2
 Flame Wave               Conj/Fire      0%         2d4       99%         4
 Summon Cactus Giant      Summ           0%         N/A       100%        6


Dungeon Overview and Level Annotations

Branches:
Dungeon (6/15)             Temple (1/1) D:5

Altars:
Ashenzari
Gozag
Hepliaklqana
Kikubaaqudgha
Makhleb
Qazlal
Ru
Sif Muna
Uskayaw
Vehumet
Xom
Yredelemnul
Zin

Shops:
D:2 !   D:3 (


Message History

You throw a poisoned dart.
The poisoned dart barely misses the steam dragon.
You throw a poisoned dart.
The poisoned dart hits the steam dragon.
The steam dragon is lightly wounded.
You throw a poisoned dart.
The poisoned dart hits the steam dragon.
The steam dragon looks even sicker.
The steam dragon is lightly wounded.
Okay, then.
The steam dragon breathes steam at you. The ball of steam hits you!
Okay, then.
You hit the steam dragon.
The steam dragon is moderately wounded.
The steam dragon looks more healthy.
The steam dragon breathes steam at you. The ball of steam hits you!!
The steam dragon attacks as you move away!
The steam dragon bites you.
* * * LOW HITPOINT WARNING * * *
The steam dragon claws you but does no damage.
Okay, then.
The steam dragon attacks as you move away!
The steam dragon bites you but does no damage.
The steam dragon completely misses you.
Really read the scroll of poison?
The air fills with toxic fumes!
As you read the scroll of poison, it crumbles to dust.
The steam dragon breathes steam at you. The ball of steam hits you!
* * * LOW HITPOINT WARNING * * *
You hit the steam dragon.
The steam dragon is heavily wounded.
You are engulfed in a cloud of scalding steam.
* * * LOW HITPOINT WARNING * * *
You barely miss the steam dragon.
The steam dragon is heavily wounded.
You are engulfed in a cloud of scalding steam.
You die...

..D.......(##
.#.#.#...#
.......#.#
######.#§##
#.#..#
##.##.#
#..##.#
#.##D§#
#.##@##
#.##§# #.#§§#
#.§§## #####


You could see a steam dragon (catching breath).

Vanquished Creatures
  A necrophage (D:5)
  2 scorpions (D:6)
  2 howler monkeys
  4 hounds
  3 jellies (D:5)
  3 iguanas
  An orc wizard (D:4)
  6 adders
  A gnoll (D:1)
  A shadow imp (D:5)
  A worm (D:2)
  The ghost of fly the Sneak, a weakling DgDe (D:5)
  3 dart slugs
  4 orcs
  9 bats
  5 endoplasms
  2 giant cockroaches
  9 goblins
  7 hobgoblins
  4 jackals (D:3)
  3 quokkas
  7 ball pythons
  4 frilled lizards
  8 kobolds
  5 rats
96 creatures vanquished.

Vanquished Creatures (others)
  17 plants (D:1)
17 creatures vanquished.

Grand Total: 113 creatures vanquished

Notes
Turn   | Place    | Note
-------+----------+-------------------------------------------
     0 | D:1      | 2tc the Hill Orc Monk began the quest for the Orb.
     0 | D:1      | Reached XP level 1. HP: 19/19 MP: 1/1
   326 | D:1      | Reached XP level 2. HP: 25/26 MP: 2/2
   435 | D:1      | Reached skill level 5 in Axes
   698 | D:1      | Reached XP level 3. HP: 24/31 MP: 3/3
  1235 | D:2      | Found Amajagg's Distillery.
  1483 | D:2      | Reached skill level 6 in Axes
  1782 | D:2      | Reached XP level 4. HP: 31/39 MP: 4/4
  3068 | D:3      | Found a sacrificial altar of Ru.
  3077 | D:3      | Found Moet's Antique Weapon Boutique.
  3186 | D:3      | Found a burning altar of Makhleb.
  3186 | D:3      | Noticed a green death
  3190 | D:3      | Noticed an orange demon
  3190 | D:3      | Noticed a neqoxec
  3192 | D:3      | Became a worshipper of Makhleb the Destroyer
  3192 | D:3      | Reached * piety under Makhleb
  3192 | D:3      | Reached ** piety under Makhleb
  3329 | D:3      | Reached skill level 7 in Axes
  3879 | D:3      | Reached XP level 5. HP: 41/45 MP: 5/5
  4096 | D:4      | Found a hide-covered altar of Uskayaw.
  4236 | D:4      | Reached skill level 8 in Axes
  4733 | D:5      | Entered Level 5 of the Dungeon
  4807 | D:5      | Reached XP level 6. HP: 50/51 MP: 6/6
  4829 | D:5      | Found a runed translucent door.
  4834 | D:5      | Noticed fly's ghost (weakling DgDe)
  4943 | D:5      | Reached skill level 9 in Axes
  5058 | D:5      | Found a staircase to the Ecumenical Temple.
  5224 | Temple   | Entered the Ecumenical Temple
  5757 | D:5      | Reached skill level 10 in Axes
  5757 | D:5      | Reached XP level 7. HP: 52/56 MP: 7/7
  6274 | D:5      | Killed fly's ghost
  6389 | D:6      | Reached skill level 11 in Axes
  6392 | D:6      | Found a basalt altar of Yredelemnul.
  6603 | D:6      | Noticed a steam dragon
  6708 | D:6      | HP: 1/57 [steam dragon] (3)]
  6709 | D:6      | Engulfed by a steam dragon's steam

Illustrated notes

Levels and vault maps discovered:
D:1:      dpeg_arrival_shrine, layout_loops_cross, nicolae_grassy_gnolls
D:2:      layout_basic, serial_shops, nicolae_shop_advertising_works
          [nicolae_subvault_shop_adworks], minmay_quantized
D:3:      layout_basic, makhleb_altar_promises_db, hangedman_ru_absence,
          serial_shops, shop
D:4:      layout_basic, nicolae_uskayaw_dance_hall
D:5:      layout_loops_corners, minmay_temple_entry_glass,
          ebering_ghost_reflecting_pool
D:6:      layout_loops_ring, mainiacjoe_overflow_tiny_flanked,
          lemuel_crystal_altar, serial_co_window_serial,
          co_window_of_opportunity_a, co_window_paths_b,
          co_window_of_opportunity_a, co_window_of_opportunity_a,
          co_window_corner_a, co_window_corner_ca, co_window_2corner,
          co_window_corner_b, co_window_corner_ca, co_window_broadway_a,
          glass_columns_a, glass_columns_a, glass_columns_b, glass_columns_c,
          serial_shops, nicolae_shop_behind_doors, uniq_duvessa
Temple:   jpeg_temple_island

Skill      XL: |  1  2  3  4  5  6  7 |
---------------+----------------------+-----
Axes           | 5 6 7 8 10 11 | 11.5
Fighting       | |  3.6
Dodging        | |  2.4
Stealth        | |  1.5

Action                   |  1- 3 |  4- 6 |  7- 9 || total
-------------------------+-------+-------+-------++-------
Melee: Hand axe          |    60 |   181 |    84 ||   325
       Whip              |    67 |    71 |       ||   138
       Punch             |       |     2 |       ||     2
Throw: Dart              |       |       |     5 ||     5
  Use: Scroll            |     3 |    11 |     2 ||    16
       Potion            |     3 |     1 |       ||     4
 Stab: Sleeping          |     1 |     6 |     1 ||     8
       Distracted        |     1 |       |       ||     1
Armor: Robe              |    28 |    30 |       ||    58
       Skin              |     8 |       |       ||     8
       Leather armour    |       |    65 |    32 ||    97
Dodge: Dodged            |    87 |   135 |    47 ||   269

Table legend: (Time is in decaauts)
 A = Elapsed time spent in this place.
 B = Non-inter-level travel time spent in this place.
 C = Inter-level travel time spent in this place.
 D = Time resting spent in this place.
 E = Time spent auto-exploring this place.
 F = Levels seen in this place.
 G = Mean time per level.
                   A        B        C        D        E       F      G
               +--------+--------+--------+--------+--------+-----+--------+
         Total |   6665 |   6515 |    150 |    733 |   4727 |   7 |  952.1 |
       Dungeon |   6240 |   6127 |    113 |    733 |   4363 |   6 | 1040.0 |
        Temple |    424 |    387 |     37 |      0 |    364 |   1 |  424.0 |
               +--------+--------+--------+--------+--------+-----+--------+

Top non-repeatable levels by time:
     D:2: 1683 daAuts
     D:1: 1238 daAuts
     D:5: 1194 daAuts
     D:3: 1059 daAuts
     D:4: 739 daAuts
  Temple: 424 daAuts
     D:6: 326 daAuts
